 Dungeon Sprint DCSS version 0.24.0-41-g2ae2f7f1be (webtiles) character file.

Game seed: 15780093454859505575, levelgen mode: deterministic

823 McKennaii the Carver (level 7, -1/59 HPs)
             Began as a Demonspawn Fighter on Dec 10, 2019.
             Was a Believer of Makhleb.
             Slain by an orc warrior
             ... wielding a +0 trident
              (4 damage)
             ... in the Dungeon (Sprint IX: "|||||||||||||||||||||||||||||").
             The game lasted 00:02:53 (519 turns).

McKennaii the Carver (Demonspawn Fighter)            Turns: 519, Time: 00:02:54

Health: -1/59      AC: 23    Str: 18    XL:     7   Next: 64%
Magic:  8/9        EV:  6    Int:  9    God:    Makhleb [**....]
Gold:   0          SH: 11    Dex: 16    Spells: 6/6 levels left

rFire    . . .     SeeInvis .   q - +2 scimitar (flame)
rCold    . . .     Gourm    .   c - +0 shield
rNeg     . . .     Faith    .   g - +0 plate armour
rPois    .         Spirit   .   (no helmet)
rElec    .         Reflect  .   (no cloak)
rCorr    .         Harm     .   a - +0 pair of gloves
MR       .....     NoTele   +   r - +0 pair of boots
Stlth    ..........             (no amulet)
HPRegen  0.19/turn              s - +3 ring of dexterity
MPRegen  0.11/turn              t - +2 ring of protection

@: sanguine armour
A: foul stench 2, rot immunity, sanguine armour 1
a: Minor Destruction, Renounce Religion


You were in the Dungeon.
You worshipped Makhleb.
Makhleb was pleased with you.
You were not hungry.

You visited 1 branch

Inventory:

Hand Weapons
 q - a +2 scimitar of flaming (weapon)
Armour
 a - a +0 pair of gloves (worn)
 c - a +0 shield (worn)
 g - a +0 plate armour (worn)
 r - a +0 pair of boots (worn)
Jewellery
 s - a +3 ring of dexterity (left hand)
 t - a +2 ring of protection (right hand)
Wands
 p - a wand of acid (9)
Scrolls
 k - 2 scrolls of blinking
 n - 3 scrolls of remove curse
 o - 2 scrolls of amnesia
Potions
 d - a potion of might
 e - 5 potions of curing
 h - a potion of haste
 i - 4 potions of magic
 j - a potion of berserk rage
 l - a potion of invisibility
Comestibles
 f - a ration


   Skills:
 + Level 6.8 Fighting
 * Level 10.5 Long Blades
 + Level 6.7 Armour
 + Level 3.8 Dodging
 + Level 0.3 Stealth
 + Level 6.9 Shields
 * Level 2.9 Invocations


You had 6 spell levels left.
You didn't know any spells.
Your spell library was empty.

Dungeon Overview and Level Annotations

Branches:
Dungeon (1/1)

Altars:
Cheibriados
Dithmenos
Elyvilon
Fedhas
Gozag
Hepliaklqana
Kikubaaqudgha
Makhleb
Nemelex Xobeh
Okawaru
Qazlal
Ru
Sif Muna
Trog
Uskayaw
Vehumet
Wu Jian
Xom
Yredelemnul
Zin
The Shining One
Beogh
Jiyva
Lugonu


Innate Abilities, Weirdness & Mutations

You frequently emit foul miasma when damaged in melee.
You are immune to rotting.
When seriously injured, your bleeding wounds create armour. (AC +6)


Message History

You slash the death knight! You burn the death knight.
The death knight is moderately wounded.
The orc warrior hits you but does no damage.
Unknown command.
You barely miss the death knight.
The death knight is moderately wounded.
The death knight hits you with a +4 broad axe.
* * * LOW HITPOINT WARNING * * *
The orc warrior hits you from afar with a +0 trident.
* * * LOW HITPOINT WARNING * * *
Unknown command.
You barely miss the death knight.
The death knight is moderately wounded.
You block the death knight's attack.
The orc warrior hits you but does no damage.
Unknown command.
You slash the death knight! You burn the death knight.
The death knight is moderately wounded.
The orc warrior hits you from afar with a +0 trident.
You die...

▓†▓
▓.▓
▓.▓
▓.▓
▓.▓
▓F▓
▓o▓
▓p▓
▓@▓
▓.▓
▓[▓
▓.▓
▓.▓
▓)▓
▓|▓
▓.▓
▓.▓


You could see a death knight, an orc warrior and a bullfrog.

Vanquished Creatures
  A hippogriff (D)
  A yak (D)
  An orc warrior (D)
  An ogre (D)
  2 bullfrogs (D)
  2 killer bees (D)
  A crimson imp (D)
  A quasit (D)
  A gnoll shaman (D)
  A worker ant (D)
  A leopard gecko (D)
  A bat (D)
  A bat zombie (D)
  2 kobolds (D)
  2 goblins (D)
19 creatures vanquished.

Notes
Turn   | Place    | Note
-------+----------+-------------------------------------------
     0 | D        | McKennaii the Demonspawn Fighter began the quest for the
                  | Orb.
     0 | D        | Reached XP level 1. HP: 18/18 MP: 1/1
     9 | D        | Reached skill level 2 in Long Blades
    92 | D        | Noticed a gnoll shaman
    92 | D        | Noticed an ogre
    92 | D        | Noticed a crimson imp
   107 | D        | Killed a crimson imp
   107 | D        | Reached skill level 3 in Long Blades
   107 | D        | Gained mutation: You are immune to rotting. [demonic
                  | ancestry]
   107 | D        | Reached XP level 2. HP: 14/25 MP: 2/2
   107 | D        | Gained mutation: You may emit foul miasma when damaged in
                  | melee. [demonic ancestry]
   107 | D        | Reached XP level 3. HP: 17/30 MP: 3/3
   119 | D        | Killed an ogre
   119 | D        | Reached skill level 5 in Fighting
   119 | D        | Reached skill level 5 in Long Blades
   119 | D        | Reached skill level 1 in Dodging
   119 | D        | Gained mutation: When seriously injured, your bleeding
                  | wounds create armour. (AC +6) [demonic ancestry]
   119 | D        | Reached XP level 4. HP: 25/39 MP: 4/4
   150 | D        | Reached skill level 6 in Long Blades
   150 | D        | Reached skill level 5 in Shields
   150 | D        | Reached XP level 5. HP: 16/44 MP: 5/5
   255 | D        | Found a roughly hewn altar of Beogh.
   255 | D        | Found a snail-covered altar of Cheibriados.
   255 | D        | Found a shadowy altar of Dithmenos.
   255 | D        | Found a white marble altar of Elyvilon.
   255 | D        | Found a blossoming altar of Fedhas.
   255 | D        | Found an opulent altar of Gozag.
   256 | D        | Found a hazy altar of Hepliaklqana.
   257 | D        | Found a viscous altar of Jiyva.
   258 | D        | Found an ancient bone altar of Kikubaaqudgha.
   259 | D        | Found a corrupted altar of Lugonu.
   260 | D        | Found a burning altar of Makhleb.
   261 | D        | Found a sparkling altar of Nemelex Xobeh.
   262 | D        | Found an iron altar of Okawaru.
   263 | D        | Found a stormy altar of Qazlal.
   264 | D        | Found a sacrificial altar of Ru.
   265 | D        | Found a shimmering blue altar of Sif Muna.
   266 | D        | Found a bloodstained altar of Trog.
   267 | D        | Found a hide-covered altar of Uskayaw.
   268 | D        | Became a worshipper of Makhleb the Destroyer
   269 | D        | Found a radiant altar of Vehumet.
   270 | D        | Found an ornate altar of the Wu Jian Council.
   271 | D        | Found a shimmering altar of Xom.
   272 | D        | Found a basalt altar of Yredelemnul.
   273 | D        | Found a glowing silver altar of Zin.
   274 | D        | Found a glowing golden altar of the Shining One.
   351 | D        | Noticed an orc warrior
   351 | D        | Noticed a hippogriff
   357 | D        | Killed a hippogriff
   357 | D        | Reached skill level 8 in Long Blades
   357 | D        | Reached skill level 5 in Armour
   357 | D        | Gained mutation: You frequently emit foul miasma when
                  | damaged in melee. [demonic ancestry]
   357 | D        | Reached XP level 6. HP: 36/52 MP: 6/6
   377 | D        | Killed an orc warrior
   377 | D        | Reached * piety under Makhleb
   377 | D        | Reached skill level 9 in Long Blades
   384 | D        | Reached ** piety under Makhleb
   384 | D        | Reached XP level 7. HP: 40/59 MP: 7/7
   485 | D        | Noticed a death knight
   485 | D        | Noticed a yak
   494 | D        | Reached skill level 10 in Long Blades
   494 | D        | Reached skill level 1 in Invocations
   504 | D        | Killed a yak
   519 | D        | Slain by an orc warrior

Levels and vault maps discovered:
D:        linesprint [early_d, line_temple, items_1, d_10, items_2, lair_1,
          lair_end, items_3, orc_1, orc_end, items_4, d_15, swamp_1, shoals_1,
          snake_1, spider_1, d_20, vaults_1, items_5, swamp_end, shoals_end,
          snake_end, spider_end, vaults_end, d_27, items_6, zot_1, zot_end,
          crypt_end, forest_end, elf_end, slime_end, tomb_end, abyss_end,
          pan_hell_end]

Skill      XL: |  1  2  3  4  5  6  7 |
---------------+----------------------+-----
Long Blades    | 3 5 6 8 9 10 | 10.5
Shields        | 4 5 6 |  6.9
Armour         | 3 4 5 6 |  6.7
Fighting       | 4 5 6 |  6.8
Dodging        | 1 2 3 |  3.8
Invocations    | 2 |  2.9
Stealth        | |  0.3

Action                   |  1- 3 |  4- 6 |  7- 9 || total
-------------------------+-------+-------+-------++-------
Melee: Long sword        |    45 |    31 |       ||    76
       Scimitar          |       |    32 |    19 ||    51
Evoke: Wand              |       |       |     1 ||     1
  Use: Potion            |     1 |     1 |     1 ||     3
Armor: Scale mail        |    20 |    28 |       ||    48
       Plate armour      |       |       |     8 ||     8
Dodge: Dodged            |     8 |    24 |     3 ||    35
Block: Shield            |    20 |    36 |     5 ||    61
       Rpst.: Long sword |     4 |     1 |       ||     5
       Scimitar          |       |     7 |     1 ||     8
